 Dungeon Crawl Stone Soup version 0.23.2-40-g277498a001 (webtiles) character file.

Game seed: 5204471844037073337

58 ANON1729 the Shooter (level 4, 0/27 HPs)
             Began as a Tengu Hunter on Oct 19, 2019.
             Slain by Crazy Yiuf
             ... wielding a +4 quarterstaff of chaos
              (10 damage)
             ... on level 2 of the Dungeon.
             The game lasted 00:03:09 (2124 turns).

ANON1729 the Shooter (Tengu Hunter)                 Turns: 2124, Time: 00:03:10

Health: 0/27       AC:  3    Str: 12    XL:     4   Next: 2%
Magic:  5/5        EV: 12    Int: 11    God:
Gold:   99         SH:  0    Dex: 16    Spells: 3/3 levels left

rFire    . . .     SeeInvis .   a - +1 shortbow
rCold    . . .     Gourm    .   (shield currently unavailable)
rNeg     . . .     Faith    .   c - +0 leather armour
rPois    .         Spirit   .   (helmet restricted)
rElec    .         Reflect  .   (no cloak)
rCorr    .         Harm     .   (no gloves)
MR       .....                  (boots unavailable)
Stlth    ++........             (no amulet)
HPRegen  0.09/turn              (no ring)
MPRegen  0.09/turn              (no ring)

@: no status effects
A: beak, talons 3
a: no special abilities


You were on level 2 of the Dungeon.
You were near starving.

You visited 1 branch of the dungeon, and saw 2 of its levels.

You collected 99 gold pieces.

Inventory:

Hand Weapons
 a - a +1 shortbow (weapon)
 b - a +0 short sword
Missiles
 d - 25 arrows (quivered)
Armour
 c - a +0 leather armour (worn)
 o - a +0 pair of gloves
Scrolls
 e - a scroll of magic mapping {unknown}
 g - a scroll of fog {unknown}
 h - 3 scrolls of remove curse {unknown}
 j - a scroll of identify {unknown}
 k - 2 scrolls of fear {unknown}
 l - 3 scrolls of teleportation {unknown}
 q - a scroll of immolation {unknown}
Potions
 i - a potion of ambrosia {unknown}
 m - a potion of cancellation {unknown}
 n - a potion of berserk rage {unknown}
 p - a potion of curing {unknown}
 r - 2 potions of heal wounds {unknown}
Comestibles
 f - 8 rations


   Skills:
 * Level 2.7 Fighting
 + Level 1.0 Short Blades
 * Level 5.0 Bows
 + Level 2.5 Dodging
 + Level 1.7 Stealth


You had 3 spell levels left.
You didn't know any spells.
Your spell library was empty.

Dungeon Overview and Level Annotations

Branches:
Dungeon (2/15)

Altars:
Ashenzari
Uskayaw

Annotations:
D:2 Crazy Yiuf


Innate Abilities, Weirdness & Mutations

You have a beak for a mouth.
You have claws for feet.


Message History

Crazy Yiuf is moderately wounded.
Crazy Yiuf yells, "Walk!
Line illywillydillykilly testudinal."
Crazy Yiuf hits you with a +4 quarterstaff of chaos.
Crazy Yiuf freezes you.
You are too injured to fight recklessly!
You are too injured to fight recklessly!
Crazy Yiuf screams, "Shadow arm aubergine!"
Firing (i - inventory)
d - 27 arrows (quivered)
Press: ? - help, Shift-Dir - straight line, f/p - Crazy Yiuf
Aim: Crazy Yiuf, wielding a +4 quarterstaff of chaos and wearing a cursed +0 cloak (moderately wounded)
You shoot an arrow. The arrow hits Crazy Yiuf.
Crazy Yiuf is heavily wounded.
Crazy Yiuf closely misses you.
Firing (i - inventory)
d - 26 arrows (quivered)
Press: ? - help, Shift-Dir - straight line, f/p - Crazy Yiuf
Aim: Crazy Yiuf, wielding a +4 quarterstaff of chaos and wearing a cursed +0 cloak (heavily wounded)
You shoot an arrow. The arrow hits Crazy Yiuf.
Crazy Yiuf is heavily wounded.
Crazy Yiuf hits you with a +4 quarterstaff of chaos!
You die...

######.....................
#.....................(.###
#....................(.....
#..........................
#..................(.......
#.................(####....
#..................####....
#...............(....##....
#.........@g.......[.##....
#.################....)....
#.# #........# ##.##♣♣♣♣♣
#........' #..#...♣.♣♣♣ ###
#........#
#....g..♣..♣#...#
#.........
#......♣♣♣♣g'...#
#......... ##.#..♣♣ ♣♣#..)#
#.......(. ####♣♣ ###
#.........


You could see Crazy Yiuf.

Vanquished Creatures
  2 adders (D:2)
  A dart slug (D:2)
  An orc (D:2)
  A giant cockroach (D:1)
  5 goblins
  4 hobgoblins
  8 bats
  5 frilled lizards
  4 kobolds
  7 rats
38 creatures vanquished.

Notes
Turn   | Place    | Note
-------+----------+-------------------------------------------
     0 | D:1      | ANON1729 the Tengu Hunter began the quest for the Orb.
     0 | D:1      | Reached XP level 1. HP: 12/12 MP: 2/2
   234 | D:1      | Reached XP level 2. HP: 17/17 MP: 3/3
   848 | D:2      | Reached XP level 3. HP: 22/22 MP: 4/4
  1335 | D:2      | Found a faded altar of an unknown god.
  1433 | D:2      | Reached skill level 1 in Short Blades
  1454 | D:2      | Noticed a +0 hand axe
  1454 | D:2      | Noticed a -1 dagger
  1459 | D:2      | Found a hide-covered altar of Uskayaw.
  1505 | D:2      | Reached skill level 5 in Bows
  1505 | D:2      | Reached XP level 4. HP: 26/27 MP: 5/5
  1524 | D:2      | Found a shattered altar of Ashenzari.
  1987 | D:2      | Found a runed translucent door.
  1988 | D:2      | Noticed Crazy Yiuf
  2124 | D:2      | Slain by Crazy Yiuf

Skill      XL: |  1  2  3 |
---------------+----------+-----
Short Blades   | 1 |  1.0
Bows           | 5 |  5.0
Fighting       | |  2.7
Dodging        | |  2.5
Stealth        | |  1.7

Action                   |  1- 3 |  4- 6 || total
-------------------------+-------+-------++-------
Melee: Short sword       |    73 |     2 ||    75
       Peck              |    13 |       ||    13
       Kick              |    20 |     1 ||    21
 Fire: Shortbow          |    15 |    11 ||    26
 Stab: Sleeping          |     2 |       ||     2
  Eat: Chunk             |     2 |       ||     2
Armor: Leather armour    |    31 |     1 ||    32
Dodge: Dodged            |    68 |     2 ||    70
